Map: Ley Lines

Players

FiDell

  • Race: Zerg Zerg
  • League: Diamond
  • Spawn Location: 7:00

SubN - Winner!

  • Race: Zerg Zerg
  • Spawn Location: 1:00

VOD

Have the link to the VOD?

Description

Time

  • Played on: July 19, 2025, 7:41 p.m.
  • Length: 3:28
Show
View Real Time Build Order
Export as new Build Order

FiDell Zerg 

Build Orders: Hatch First 

Get SALT Encoding   

  12  0:00  Drone  
  13  0:12  Overlord  
  13  0:18  Drone  
  14  0:33  Drone x2  
  16  0:36  Drone  
  17  0:54  Drone  
  18  0:57  Hatchery  
  18  1:02  Drone  
  18  1:07  Extractor  
  17  1:15  Drone  
  17  1:18  Spawning Pool  
  17  1:19  Drone  
  18  1:29  Drone  
  19  1:52  Overlord  
  19  2:06  Zergling x4  
  21  2:12  Queen  
  21  2:13  Queen  
  21  2:15  Zergling x2, Drone  
  26  2:21  Roach Warren  
  26  2:24  Drone  
  27  2:39  Drone x2  
  27  2:40  Drone  
  30  2:56  Drone x2  
  30  2:57  Drone x2  
  34  3:15  Hatchery  
  30  3:22  Spine Crawler  
  30  3:23  Spine Crawler  
Show
View Real Time Build Order
Export as new Build Order

SubN Zerg - Winner!

Build Orders: Pool First 

Get SALT Encoding   

  12  0:00  Drone  
  13  0:08  Drone  
  14  0:23  Extractor  
  14  0:27  Spawning Pool  
  12  0:52  Hatchery  
  11  1:14  Queen  
  13  1:39  Metabolic Boost  
  13  1:41  Zergling x2  
  13  1:42  Overlord  
  14  2:00  Zergling x4  
  16  2:06  Zergling x4  
  18  2:13  Zergling x2  
  19  2:18  Zergling x2  
  21  2:22  Zergling x2  
  21  2:23  Zergling x4  
  21  2:27  Zergling x2  
  24  2:31  Zergling x2  
  25  2:52  Queen  
  25  2:53  Zergling x2  
Tags
 
League
Diamond
Matchup
ZvZ
Race
Zerg
Replay Pack
Multiplayer
Spawn Locations
Cross Positions
Add a new tag
Caveats
  • Supply blocks, unpowered buildings, or Contaminate may cause inaccurate times.
  • Supply counts are checked every 10 seconds.